 Dungeon Crawl Stone Soup version 0.26.1-11-gd32895ea62 (webtiles) character file.

Game seed: 6455481389133376697

1791 buriedalive the Nimble (level 8, -9/45 HPs)
             Began as a Deep Elf Ice Elementalist on July 8, 2021.
             Mangled by a wraith (12 damage)
             ... on level 7 of the Dungeon.
             The game lasted 00:17:53 (10317 turns).

buriedalive the Nimble (Deep Elf Ice Elementalist) Turns: 10317, Time: 00:17:54

Health: -9/45      AC:  6    Str:  5      XL:     8   Next: 82%
Magic:  14/14      EV: 17    Int: 22 (23) God:
Gold:   229        SH:  0    Dex: 14 (15) Spells: 2/13 levels left

rFire    . . .     SeeInvis .   a - +0 dagger (holy)
rCold    . . .     Faith    .   (no shield)
rNeg     . . .     Spirit   .   k - +0 leather armour (curse)
rPois    +         Reflect  .   (no helmet)
rElec    .         Harm     .   m - +0 cloak
rCorr    .         Rampage  .   e - +1 pair of gloves
Will     .....                  (no boots)
Stlth    ++........             (no amulet)
HPRegen  0.15/turn              j - ring of flight
MPRegen  0.14/turn              n - ring of poison resistance

@: slowed, very slow
A: talons 1, deterioration 1, robust 1
a: Evoke Flight


You were on level 7 of the Dungeon.
You visited 1 branch of the dungeon, and saw 7 of its levels.
You also visited: Sewer.

You collected 229 gold pieces.

Inventory:

Hand Weapons
 a - a +0 dagger of holy wrath (weapon)
 b - a +2 short sword of venom
Missiles
 f - 137 stones
Armour
 e - a +1 pair of gloves (worn)
 k - a cursed +0 leather armour (worn)
 m - a +0 cloak (worn)
 v - a +0 robe
Magical Staves
 r - an uncursed staff of fire
Jewellery
 j - a ring of flight (left hand)
 n - a ring of poison resistance (right hand)
 w - an uncursed ring of willpower {unknown}
Wands
 o - a wand of polymorph (6)
 u - a wand of digging (7)
Scrolls
 i - 3 scrolls of amnesia
 l - 2 scrolls of teleportation
 p - a scroll of remove curse {unknown}
 q - a scroll of blinking
 x - a scroll of torment {unknown}
Potions
 c - 2 potions of curing
 d - a potion of flight
 g - 2 potions of haste
 h - 3 potions of brilliance
 s - a potion of lignification
 t - a potion of attraction


   Skills:
 + Level 9.9 Dodging
 - Level 2.4 Stealth
 - Level 3.0 Spellcasting
 + Level 0.4 Summonings
 + Level 9.8 Ice Magic


You had 2 spell levels left.
You knew the following spells:

 Your Spells              Type           Power        Failure   Level
a - Freeze                Ice            100%         1%          1
b - Frozen Ramparts       Ice            92%          1%          3
c - Ozocubu's Armour      Ice            46%          1%          3
d - Summon Ice Beast      Ice/Summ       25%          26%         4

Your spell library contained the following spells:

 Spells                   Type           Power        Failure   Level
 Ensorcelled Hibernation  Hex/Ice        50%          4%          2
 Corona                   Hex            3%           21%         1
 Magic Dart               Conj           12%          21%         1
 Call Imp                 Summ           5%           26%         2
 Blink                    Tloc           N/A          30%         2
 Slow                     Hex            3%           30%         2
 Hailstorm                Conj/Ice       25%          26%         4
 Confusing Touch          Hex            3%           52%         3
 Conjure Flame            Conj/Fire      3%           52%         3
 Dazzling Flash           Conj/Hex       6%           52%         3
 Mephitic Cloud           Conj/Pois/Air  3%           52%         3
 Tukima's Dance           Hex            3%           52%         3


Dungeon Overview and Level Annotations

Branches:
Dungeon (7/15)              Sewer (visited)
 Temple: D:4-7

Altars:
Elyvilon
Wu Jian

Annotations:
D:5 3 runed translucent doors, Ekaitz's ghost, amateur DsFE


Innate Abilities, Weirdness & Mutations

You have sharp toenails.
Your body sometimes deteriorates upon taking damage.
You are robust. (+10% HP)


Message History

The wraith hits you.
* * * LOW HITPOINT WARNING * * *
The wraith drains your vigour!
You feel as though you will be slow longer.
You closely miss the wraith.
The wraith is severely damaged.
The wraith closely misses you. x2
You barely miss the wraith.
The wraith is severely damaged.
The wraith hits you but does no damage.
You hit the wraith.
The wraith convulses.
The wraith is almost destroyed.
The wraith hits you!
* * * LOW HITPOINT WARNING * * *
The wraith hits you.
* * * LOW HITPOINT WARNING * * *
You hit the wraith but do no damage.
The wraith is almost destroyed.
The wraith hits you!
You die...

#########.#
#.......###.......
#.#.#.##8.#
#.........+.......
#+#'#'#)###.##
#.......###.......
..W......'...#
#.......# ##....##
#'#'#)#†####.#
#.......# #.####
#(#.#.#.#
#.###.......####'##
#########
#..##.............#
##.#########.##...#
+...W@.........>..#
##..######.########
####'#### #.#
#..W....# #.#
#.......# #.#
#.......###.#####
#.......##......#
#.......##......#
#.......##......#


You could see a wraith.

Vanquished Creatures
  2 sky beasts (D:5)
  2 necrophages
  2 ogres (D:6)
  A centaur (D:6)
  2 bullfrogs
  A scorpion (D:4)
  2 wights (D:7)
  A howler monkey (D:4)
  A bullfrog zombie (D:7)
  A gnoll shaman (D:7)
  2 orc priests
  3 orc wizards
  A bullfrog skeleton (D:6)
  A human skeleton (D:7)
  An iguana (D:5)
  4 worker ants
  A hound zombie (D:5)
  2 hound skeletons
  2 mummies (D:7)
  A worker ant zombie (D:3)
  3 gnolls (D:7)
  12 adders
  2 river rats (D:4)
  2 white imps (D:5)
  16 oozes
  A worm (D:2)
  3 dart slugs
  19 leopard geckos
  24 orcs
  12 ball pythons
  18 giant cockroaches
  2 goblins
  4 hobgoblins
  8 kobolds
  3 quokkas
  6 bats
  19 frilled lizards
  8 rats
195 creatures vanquished.

Vanquished Creatures (others)
  10 plants (D:5)
10 creatures vanquished.

Grand Total: 205 creatures vanquished

Notes
Turn   | Place    | Note
-------+----------+-------------------------------------------
     0 | D:1      | buriedalive the Deep Elf Ice Elementalist began the quest
                  | for the Orb.
     0 | D:1      | Reached XP level 1. HP: 10/10 MP: 6/6
    39 | D:1      | Reached XP level 2. HP: 6/15 MP: 0/8
   877 | D:1      | Reached XP level 3. HP: 16/19 MP: 7/9
   953 | D:1      | Reached skill level 5 in Ice Magic
  1346 | D:2      | Reached XP level 4. HP: 17/24 MP: 10/10
  2179 | D:2      | Learned a level 3 spell: Frozen Ramparts
  2183 | D:2      | Learned a level 3 spell: Ozocubu's Armour
  2547 | D:3      | Reached XP level 5. HP: 28/28 MP: 7/11
  2581 | D:3      | Reached skill level 5 in Dodging
  3804 | D:4      | Reached XP level 6. HP: 32/32 MP: 10/12
  4063 | D:4      | Found a glowing drain.
  4080 | Sewer    | Entered a sewer
  5332 | Sewer    | Reached XP level 7. HP: 33/36 MP: 5/13
  5995 | D:4      | Found an ornate altar of the Wu Jian Council.
  6496 | D:5      | Entered Level 5 of the Dungeon
  6890 | D:5      | Noticed Ekaitz's ghost (amateur DsFE)
  6896 | D:5      | Found a runed translucent gate.
  6896 | D:5      | Found a runed translucent gate.
  6898 | D:5      | Found a runed translucent gate.
  7902 | D:5      | Gained mutation: You are occasionally teleported next to
                  | monsters. [potion of mutation]
  7902 | D:5      | Gained mutation: You possess an exceptional clarity of
                  | mind. [potion of mutation]
  7903 | D:5      | Lost mutation: You are occasionally teleported next to
                  | monsters. [potion of mutation]
  7903 | D:5      | Lost mutation: You possess an exceptional clarity of mind.
                  | [potion of mutation]
  7903 | D:5      | Gained mutation: Potions are less effective at restoring
                  | your health. [potion of mutation]
  7903 | D:5      | Gained mutation: You are covered in fur. (AC +1) [potion of
                  | mutation]
  8008 | D:6      | Reached XP level 8. HP: 41/41 MP: 8/14
  9864 | D:6      | Lost mutation: Potions are less effective at restoring your
                  | health. [potion of mutation]
  9864 | D:6      | Lost mutation: You are covered in fur. (AC +1) [potion of
                  | mutation]
  9864 | D:6      | Gained mutation: Your body sometimes deteriorates upon
                  | taking damage. [potion of mutation]
  9864 | D:6      | Gained mutation: You are robust. (+10% HP) [potion of
                  | mutation]
  9864 | D:6      | Gained mutation: You have sharp toenails. [potion of
                  | mutation]
 10081 | D:6      | Learned a level 4 spell: Summon Ice Beast
 10212 | D:7      | Found a white marble altar of Elyvilon.
 10317 | D:7      | Mangled by a wraith

Illustrated notes

Levels and vault maps discovered:
D:1:      mrwooster_arrival_arrow, layout_rooms
D:2:      layout_rooms
D:3:      layout_basic, nicolae_overflow_hidden_temple
D:4:      layout_basic, nzn_wu_jian_council_hall, portal_sewer_entry_e,
          minmay_misc_feat_diagonals
D:5:      layout_loops_corners, gammafunk_ghost_split, minmay_lizard_king
D:6:      layout_loops_ring
D:7:      layout_basic, lemuel_mausoleum_altar_yredelemnul,
          lemuel_crystal_altar, minmay_temple_entry_junction

Skill      XL: |  1  2  3  4  5  6  7  8 |
---------------+-------------------------+-----
Dodging        | 3 4 5 6 8 9 |  9.9
Ice Magic      | 5 6 7 8 9 |  9.8
Stealth        | |  2.4
Spellcasting   | |  3.0
Summonings     | |  0.4

Action                   |  1- 3 |  4- 6 |  7- 9 || total
-------------------------+-------+-------+-------++-------
Melee: Unarmed           |    18 |       |       ||    18
       Short sword       |    22 |   146 |   116 ||   284
       Dagger            |       |       |   124 ||   124
       Kick              |       |       |    12 ||    12
 Cast: Freeze            |    27 |    26 |     9 ||    62
       Frozen Ramparts   |       |    19 |    24 ||    43
       Ozocubu's Armour  |       |     2 |    14 ||    16
  Use: Potion            |       |     1 |     6 ||     7
       Scroll            |       |       |    12 ||    12
 Stab: Sleeping          |       |     5 |     4 ||     9
Armor: Robe              |    17 |     9 |       ||    26
       Leather armour    |       |    37 |    70 ||   107
Dodge: Dodged            |    53 |   157 |   193 ||   403
